 Dungeon Crawl Stone Soup version 0.29.0-4-gdea44cf6ec (webtiles) character file.

Game seed: 16432137572134718119

13 qw the Chopper (level 2, -5/17 HPs)
             Began as a Tengu Warper on Aug 28, 2022.
             Slain by a gnoll
             ... wielding a +0 whip
              (6 damage)
             ... on level 1 of the Dungeon.
             The game lasted 00:00:02 (409 turns).

qw the Chopper (Tengu Warper)                        Turns: 409, Time: 00:00:02

Health: -5/17      AC:  3    Str: 11    XL:     2   Next: 37%
Magic:  6/6        EV: 11    Int: 13    God:
Gold:   12         SH:  0    Dex: 13    Spells: 5/5 levels left

rFire   . . .      SeeInvis .   a - +0 hand axe
rCold   . . .      Faith    .   (no shield)
rNeg    . . .      Spirit   .   b - +0 leather armour
rPois   .          Reflect  .   (helmet restricted)
rElec   .          Harm     .   (no cloak)
rCorr   .          Rampage  .   (no gloves)
Will    .....                   (boots unavailable)
Stlth   +.........              (no amulet)
HPRegen 0.05/turn               (no ring)
MPRegen 0.10/turn               (no ring)

@: no status effects
A: beak, talons 3
a: no special abilities


You were on level 1 of the Dungeon.
You visited 1 branch of the dungeon, and saw 1 of its levels.

You collected 12 gold pieces.


Innate Abilities, Weirdness & Mutations

You have a beak for a mouth.
You have claws for feet.


   Skills:
 - Level 2.0 Fighting
 + Level 3.3 Axes
 - Level 1.0 Throwing
 - Level 1.1 Armour
 - Level 2.1 Dodging
 - Level 2.0 Spellcasting
 - Level 2.4 Translocations


You had 5 spell levels left.
You didn't know any spells.
Your spell library contained the following spells:

 Spells                   Type           Power      Damage    Failure   Level
 Blink                    Tloc           14%        N/A       19%         2
 Gell's Gravitas          Tloc           7%         N/A       36%         3
 Lesser Beckoning         Tloc           7%         N/A       36%         3
 Teleport Other           Tloc           7%         N/A       36%         3
 Manifold Assault         Tloc           7%         N/A       98%         5

Inventory:

Hand Weapons
 a - a +0 hand axe (weapon)
 g - a +0 club
Armour
 b - a +0 leather armour (worn)
 f - a +0 ring mail
Jewellery
 d - a ring of positive energy
Scrolls
 c - a scroll of blinking
 e - a scroll of identify {unknown}
 i - a scroll of noise {unknown}
 j - a scroll of poison {unknown}
Potions
 h - a potion of lignification {unknown}

Dungeon Overview and Level Annotations

Branches:
Dungeon (1/15)

Altars:


Message History

You start resting.
HP restored.
You see here a +0 sling.
A gnoll comes into view. It is wielding a +0 whip.
Enter note: The gnoll shouts!
A goblin comes into view. It is wielding a +0 dagger.
The goblin shouts!
You hit the gnoll but do no damage. You claw the gnoll.
The gnoll is moderately wounded.
The gnoll barely misses you.
A giant cockroach comes into view.
You hit the gnoll. You claw the gnoll, but do no damage. You peck the gnoll.
The gnoll is severely wounded.
The gnoll hits you with a +0 whip. The gnoll closely misses you.
You hit the gnoll but do no damage.
The gnoll is severely wounded.
The gnoll hits you with a +0 whip.
You barely miss the gnoll.
The gnoll is heavily wounded.
The giant cockroach bites the plant.
The plant begins to die.
The gnoll barely misses you.
You closely miss the gnoll. Your peck misses the gnoll.
Your punch misses the gnoll.
The gnoll is heavily wounded.
The gnoll hits you with a +0 whip!
You barely miss the gnoll. You peck the gnoll, but do no damage.
The gnoll is heavily wounded.
The gnoll misses you.
You hit the gnoll.
The gnoll is heavily wounded.
You hit the goblin. The gnoll hits you with a +0 whip.
The goblin hits you with a +0 dagger.
You closely miss the goblin.
The goblin is severely wounded.
You hit the gnoll.
A nearby plant withers and dies.
The gnoll closely misses you. The goblin hits you with a +0 dagger.
The goblin hits you but does no damage. The gnoll hits you with a +0 whip.
You die...

##.#...## #..# #.##.##
#.## #.#### #.# ##'##
#.# ##...## #.# #####
#.....## ##.# #.....
.......## ##..# #....P.
........####...##g.PPPP.
......%.'.......@gB.PP..
........####...###.P..P.
.......## ##..# .....
#.....## ##.### P...
##...## #.#..#


.PP ##+## ##.#.# .. #.# ###.# # ###.######### #.# ............# #.# You could
see a gnoll, a giant cockroach and a goblin.

Vanquished Creatures
  3 endoplasms (D:1)
  2 goblins (D:1)
  A ball python (D:1)
  3 bats (D:1)
  2 kobolds (D:1)
  2 rats (D:1)
13 creatures vanquished.

Vanquished Creatures (others)
  2 plants (D:1)
2 creatures vanquished.

Grand Total: 15 creatures vanquished

Notes
Turn   | Place    | Note
-------+----------+-------------------------------------------
     0 | D:1      | qw the Tengu Warper began the quest for the Orb.
     0 | D:1      | Reached XP level 1. HP: 12/12 MP: 4/4
     0 | D:1      | 0 ||| qw: Version: 0.1-a-89-g26bdef1
     0 | D:1      | 0 ||| qw: Game counter: 2066
     0 | D:1      | 0 ||| qw: Always use a shield: true
     0 | D:1      | 0 ||| qw: God list: Okawaru
     0 | D:1      | 0 ||| qw: Allow faded altars: false
     0 | D:1      | 0 ||| qw: Do Orc after D:15 true
     0 | D:1      | 0 ||| qw: Do second Lair branch before Depths: true
     0 | D:1      | 0 ||| qw: Lair rune preference: random
     0 | D:1      | 0 ||| qw: Plans: Normal
     0 | D:1      | 0 ||| PLANNING D:1-11
    17 | D:1      | 17 ||| Stepping ~*~*~tactically~*~*~ (stealth).
    43 | D:1      | Found a faded altar of an unknown god.
   120 | D:1      | Reached skill level 3 in Axes
   120 | D:1      | Reached XP level 2. HP: 16/17 MP: 6/6
   408 | D:1      | HP: 4/17 [gnoll/+0 whip (3)]
   409 | D:1      | HP: 1/17 [goblin/+0 dagger (1)]
   409 | D:1      | Slain by a gnoll

Levels and vault maps discovered:
D:1:      psy_arrival_conway, layout_loops_corners,
          hellmonk_ecumenical_altar_slurped_away, nicolae_grassy_gnolls

Skill      XL: |  1 |
---------------+----+-----
Axes           | 3 |  3.3
Fighting       | |  2.0
Throwing       | |  1.0
Armour         | |  1.1
Dodging        | |  2.1
Spellcasting   | |  2.0
Translocations | |  2.4

Action                   || total
-------------------------++-------
Melee: Hand axe          ||    22
       Kick              ||     6
       Peck              ||     4
Throw: Boomerang         ||     7
Armor: Leather armour    ||     6
Dodge: Dodged            ||    10

Table legend:
 A = Non-vault XP
 B = Vault XP
 C = Vault XP percentage of total XP
 D = Non-vault monster count
 E = Vault monster count
 F = Vault count percentage of total count
                 A         B        C        D         E       F
            +---------+---------+-------+---------+---------+-------
      Total |      17 |       2 |  10.5 |      12 |       1 |   7.7
            +---------+---------+-------+---------+---------+-------
        D:1 |      17 |       2 |  10.5 |      12 |       1 |   7.7
            +---------+---------+-------+---------+---------+-------
